Map: Orbital Shipyard

Players

Grumm

  • Race: Protoss Protoss
  • League: Gold

anticitizen - Winner!

  • Race: Zerg Zerg
  • League: Gold

VOD

Have the link to the VOD?

Description

Time

  • Played on: Jan. 14, 2016, 12:32 a.m.
  • Length: 12:19
Show
View Real Time Build Order
Export as new Build Order

Grumm Protoss 

Build Orders: 1 Gate Expand 

Get SALT Encoding   

  12  0:01  Probe (Chrono Boost)  
  13  0:19  Pylon  
  13  0:22  Probe (Chrono Boost)  
  14  0:33  Probe (Chrono Boost)  
  15  0:38  Gateway  
  15  0:43  Probe (Chrono Boost)  
  16  1:10  Nexus  
  16  1:12  Probe (Chrono Boost)  
  17  1:24  Assimilator  
  17  1:29  Cybernetics Core  
  17  1:38  Forge  
  17  1:46  Pylon  
  17  1:48  Probe (Chrono Boost)  
  18  1:55  Zealot  
  20  2:09  Gateway  
  20  2:17  Photon Cannon  
  20  2:36  Gateway  
  20  2:38  Pylon  
  20  2:42  Probe (Chrono Boost)  
  20  2:43  Probe (Chrono Boost)  
  22  2:51  Warp Gate  
  22  2:52  Probe (Chrono Boost)  
  22  2:53  Probe (Chrono Boost)  
  24  2:59  Adept  
  26  3:11  Probe x2 (Chrono Boost)  
  28  3:17  Assimilator  
  28  3:22  Mothership Core (Chrono Boost)  
  30  3:30  Stalker  
  32  3:36  Stalker  
  32  3:38  Probe (Chrono Boost)  
  36  3:41  Probe (Chrono Boost)  
  36  3:42  Assimilator  
  36  3:49  Probe (Chrono Boost)  
  36  3:52  Probe (Chrono Boost)  
  38  3:59  Probe (Chrono Boost)  
  38  4:02  Probe (Chrono Boost)  
  40  4:10  Probe (Chrono Boost)  
  40  4:13  Probe (Chrono Boost)  
  42  4:18  Gateway  
  42  4:21  Pylon  
  42  4:23  Assimilator  
  42  4:24  Probe x2 (Chrono Boost)  
  44  4:29  Protoss Ground Weapons Level 1 (Chrono Boost)  
  44  4:35  Pylon  
  44  4:47  Pylon  
  44  4:48  Pylon  
  44  4:49  Probe x2  
  46  4:59  Stalker  
  47  5:00  Stalker x2  
  47  5:01  Probe x2  
  53  5:17  Zealot  
  53  5:29  Probe  
  54  5:38  Nexus, Photon Cannon  
  54  5:39  Pylon  
  54  5:42  Pylon  
  54  5:45  Stargate  
  54  5:48  Stargate  
  54  5:51  Pylon, Probe x2  
  56  6:03  Probe  
  57  6:04  Protoss Air Weapons Level 1  
  57  6:06  Photon Cannon  
  57  6:15  Stalker  
  57  6:16  Zealot x2  
  63  6:20  Protoss Ground Armor Level 1 (Chrono Boost)  
  63  6:22  Probe  
  63  6:24  Sentry  
  66  6:26  Probe  
  66  6:30  Assimilator  
  67  6:34  Probe  
  67  6:35  Assimilator  
  67  6:38  Probe  
  69  6:54  Void Ray, Pylon  
  73  7:04  Probe x2  
  73  7:05  Probe  
  76  7:08  Stalker  
  76  7:09  Stalker x3  
  84  7:15  Probe  
  84  7:16  Probe x2  
  84  7:17  Oracle  
  90  7:26  Probe  
  90  7:28  Probe x2  
  93  7:33  Photon Cannon  
  93  7:36  Robotics Facility  
  93  7:37  Pylon, Probe  
  93  7:40  Probe x2  
  96  7:46  Oracle  
  99  7:53  Probe  
  100  8:02  Void Ray, Probe  
  100  8:03  Probe  
  106  8:05  Probe  
  107  8:12  Probe  
  107  8:15  Probe  
  109  8:51  Probe  
  109  8:54  Robotics Bay  
  107  8:56  Pylon  
  107  8:58  Pylon  
  107  9:01  Robotics Facility, Void Ray x2  
  115  9:13  Warp Prism  
  117  9:17  Twilight Council  
  117  9:18  Fleet Beacon  
  117  9:24  Gateway  
  117  9:26  Gateway  
  117  9:27  Gateway  
  117  9:28  Pylon  
  117  9:40  Zealot x4  
  121  10:01  Nexus  
  121  10:02  Pylon  
  121  10:04  Pylon  
  121  10:05  Pylon  
  121  10:06  Stalker x2  
  121  10:07  Stalker x2  
  101  10:10  Void Ray x2  
  95  10:14  Colossus (Chrono Boost)  
  107  10:26  Colossus (Chrono Boost)  
  101  10:35  Stalker  
  101  10:36  Stalker x3  
  91  10:58  Zealot x3  
  91  11:01  Probe  
  94  11:12  Observer (Chrono Boost)  
  92  11:28  Void Ray x2, Probe  
  92  11:30  Probe  
  80  11:55  Zealot x2  
  80  11:56  Zealot  
Show
View Real Time Build Order
Export as new Build Order

anticitizen Zerg - Winner!

Build Orders: 3 Hatch before Pool, Lurkers 

Get SALT Encoding   

  12  0:04  Drone  
  13  0:12  Overlord  
  13  0:17  Drone  
  14  0:30  Drone x2  
  16  0:37  Drone  
  17  0:52  Hatchery  
  16  0:59  Drone  
  17  1:17  Drone  
  18  1:21  Hatchery  
  17  1:29  Extractor  
  17  1:32  Drone  
  17  1:37  Spawning Pool  
  16  1:42  Drone  
  16  1:43  Drone  
  18  1:49  Drone  
  19  1:54  Overlord  
  19  2:04  Drone  
  19  2:06  Drone  
  21  2:16  Drone  
  22  2:27  Drone  
  22  2:29  Roach Warren, Extractor  
  21  2:30  Overlord  
  21  2:31  Drone  
  21  2:36  Metabolic Boost  
  22  2:41  Drone  
  23  2:46  Overlord  
  23  2:50  Drone  
  24  2:54  Drone  
  24  2:55  Drone  
  26  3:00  Drone  
  26  3:02  Drone  
  29  3:05  Drone  
  29  3:09  Drone  
  29  3:11  Drone  
  31  3:13  Drone  
  32  3:20  Queen  
  32  3:24  Drone  
  35  3:29  Drone x2  
  35  3:31  Drone  
  35  3:32  Drone  
  39  3:39  Drone x3  
  39  3:40  Drone  
  43  3:43  Extractor  
  43  3:45  Queen  
  45  3:49  Drone  
  46  4:00  Drone  
  46  4:01  Queen  
  46  4:02  Drone  
  50  4:04  Overlord x2  
  50  4:07  Lair  
  50  4:14  Drone, Evolution Chamber  
  50  4:15  Drone, Evolution Chamber  
  50  4:18  Overlord  
  50  4:26  Roach x3  
  50  4:27  Roach  
  58  4:31  Roach x2  
  58  4:38  Roach x3  
  68  4:42  Drone  
  68  4:44  Roach x2  
  73  4:48  Drone  
  73  4:49  Queen  
  73  4:51  Overlord  
  76  5:03  Drone x2  
  76  5:04  Drone x2  
  76  5:05  Extractor  
  76  5:06  Drone x2  
  81  5:07  Extractor  
  81  5:10  Roach x4  
  81  5:13  Drone x2  
  90  5:15  Overlord, Extractor  
  90  5:17  Extractor  
  88  5:22  Overlord  
  88  5:28  Overseer  
  88  5:33  Glial Reconstitution  
  88  5:37  Drone x2  
  90  5:46  Drone x2  
  90  5:47  Drone x4  
  96  5:50  Zerg Ground Armor Level 1, Zerg Missile Weapons Level 1  
  96  5:53  Ravager x2  
  98  6:02  Overlord x3  
  98  6:13  Overlord x2  
  98  6:19  Pneumatized Carapace  
  98  6:25  Roach x8  
  114  6:31  Overlord  
  114  6:40  Drone  
  114  6:41  Drone x3  
  114  6:42  Overlord  
  114  6:43  Overlord  
  118  6:48  Ravager x5  
  118  6:49  Ravager  
  124  6:56  Drone x2  
  126  7:01  Drone x2  
  126  7:02  Hydralisk Den  
  126  7:03  Drone  
  126  7:04  Drone, Overlord x2  
  126  7:05  Overlord  
  126  7:07  Ravager x3  
  132  7:32  Overlord x2  
  132  7:33  Roach  
  132  7:34  Roach x14  
  162  7:38  Muscular Augments  
  162  7:54  Hatchery  
  161  8:09  Hydralisk  
  161  8:10  Hydralisk x9  
  181  8:21  Hydralisk x4  
  189  8:34  Zerg Missile Weapons Level 2  
  184  8:49  Drone x2  
  184  8:54  Lurker Den  
  186  8:58  Infestation Pit  
  186  9:01  Drone  
  186  9:02  Drone x8  
  194  9:03  Overlord x2  
  194  9:04  Overlord  
  194  9:10  Ravager x5  
  199  9:24  Spore Crawler  
  199  9:27  Spore Crawler  
  199  9:30  Spore Crawler  
  196  9:35  Hive  
  196  9:37  Queen, Extractor  
  197  9:38  Drone x2  
  197  9:39  Drone  
  197  9:41  Extractor  
  199  9:47  Overseer  
  191  10:26  Lurker x5  
  191  10:27  Lurker x4  
  172  11:11  Hydralisk x10  
  166  11:12  Hydralisk x7  
  185  11:28  Hydralisk x5  
Tags
 
Add a new tag
Caveats
  • Supply blocks, unpowered buildings, or Contaminate may cause inaccurate times.
  • Supply counts are checked every 10 seconds.